[Event "AUT Bundesliga 2022-23"]
[Site "Jenbach"]
[Date "2022.11.03"]
[Round "1.20"]
[White "Svane, Rasmus"]
[Black "Koelle, Tobias"]
[Result "1/2-1/2"]
[ECO "D02"]
[WhiteElo "2615"]
[BlackElo "2439"]
[Annotator "ChessBase"]
[PlyCount "197"]
[EventDate "2022.11.03"]
[EventType "team-tourn"]
[EventCountry "AUT"]
[SourceTitle "playchess.com"]
[Source "ChessBase"]
[SourceQuality "1"]
[TimeControl "40/5400+30:1800+30"]

1. Nf3 d5 2. d4 Nf6 3. c4 e6 4. g3 Bb4+ 5. Bd2 Be7 6. Bg2 c6 7. Qc2 Nbd7 8. O-O b6 9. a4 a5 10. cxd5 cxd5 11. Nc3 O-O 12. Nb5 Ba6 13. Rfc1 Bxb5 14. axb5 Rc8 15. Qa4 Ne4 16. Be1 Bd6 17. e3 h6 18. Bf1 g5 19. Nd2 f5 20. Nxe4 fxe4 21. Rc6 Nb8 22. Bh3 Kf7 23. Rxc8 Qxc8 24. Qd1 Qd7 25. Bf1 Kg7 26. Rc1 Qf7 27. Be2 Qd7 28. Rc2 Rc8 29. f3 exf3 30. Bxf3 Rxc2 31. Qxc2 Qc7 32. Bc3 Qf7 33. Bg4 Nd7 34. Kg2 Nf6 35. Be2 Ne4 36. Bd3 Nxc3 37. Qxc3 Qc7 38. Qd2 Bb4 39. Qd1 Qf7 40. Bc2 Kf8 41. e4 dxe4 42. Bxe4 Kg7 43. Qc2 Qd7 44. Qc4 Be7 45. b3 Bf6 46. d5 exd5 47. Bxd5 Qe7 48. Be6 Be5 49. Qc8 Bc7 50. Qg8+ Kf6 51. Bg4 Qf7 52. Qh8+ Qg7 53. Qc8 Qe7 54. Qf5+ Kg7 55. Bh5 Kh8 56. Qg6 Qf8 57. Bf3 Qg7 58. Qe6 Bd8 59. Bd5 Be7 60. Qxb6 Qb2+ 61. Qf2 Qxf2+ 62. Kxf2 Kg7 63. Ke3 Bc5+ 64. Ke4 Kf6 65. Bc4 Ke7 66. Kd5 Bg1 67. Kc6 Bxh2 68. g4 Kd8 69. Be6 Bf4 70. Bf5 Bg3 71. Kb7 Bf4 72. b6 Be3 73. Ka6 Bd4 74. Kxa5 Be3 75. Kb5 Bf2 76. Kc6 Be3 77. b4 Bf2 78. b5 Be3 79. b7 Bf4 80. b6 Bb8 81. Be6 Ke7 82. Bc8 Kd8 83. Bf5 Ke7 84. Kd5 Kf6 85. Bd7 Ke7 86. Bb5 Kf6 87. Bd7 Ke7 88. Bc8 Bf4 89. Be6 Bb8 90. Bf5 Kf6 91. Bd3 Ke7 92. Kc6 Kd8 93. Kd5 Ke7 94. Ke4 Kd6 95. Kf5 Kc6 96. Be4+ Kxb6 97. Kg6 Bf4 98. Kxh6 Kc7 99. Kg6 1/2-1/2

[Event "AUT Bundesliga 2022-23"]
[Site "Jenbach"]
[Date "2022.11.03"]
[Round "1.21"]
[White "Krassowizkij, Jaroslaw"]
[Black "Donchenko, Alexander"]
[Result "1-0"]
[ECO "A06"]
[WhiteElo "2439"]
[BlackElo "2646"]
[Annotator "ChessBase"]
[PlyCount "101"]
[EventDate "2022.11.03"]
[EventType "team-tourn"]
[EventCountry "AUT"]
[SourceTitle "playchess.com"]
[Source "ChessBase"]
[SourceQuality "1"]
[TimeControl "40/5400+30:1800+30"]

1. Nf3 d5 2. g3 Nc6 3. d4 Bf5 4. Bg2 Nb4 5. Na3 e6 6. O-O Be7 7. c3 Nc6 8. b3 h6 9. c4 Nf6 10. Nb5 O-O 11. Bf4 a6 12. Nc3 Ne4 13. Nxe4 dxe4 14. Ne5 Nxd4 15. e3 Nc6 16. Nxc6 bxc6 17. Qxd8 Bxd8 18. g4 Bxg4 19. Bxe4 Bf6 20. Bxc6 Rad8 21. Rac1 e5 22. Bg3 Be2 23. Rfe1 Rd2 24. a3 g5 25. h3 Bg7 26. e4 h5 27. b4 h4 28. Bh2 Rfd8 29. b5 axb5 30. cxb5 Kh8 31. a4 g4 32. hxg4 Bf6 33. a5 Bxg4 34. Re3 Kh7 35. a6 Ra2 36. Bd5 Ra5 37. Rxc7 Bg5 38. f4 exf4 39. Bxf4 Bxf4 40. Rxf7+ Kg6 41. Rxf4 Kg5 42. Rf2 Bd7 43. Bc4 Rc8 44. Bf1 Rc1 45. Kh2 Rb1 46. e5 Be6 47. Ref3 Raa1 48. Rf6 Bg4 49. b6 h3 50. b7 Kh4 51. Rf8 1-0

[Event "AUT Bundesliga 2022-23"]
[Site "Jenbach"]
[Date "2022.11.03"]
[Round "1.22"]
[White "Wagner, Dennis"]
[Black "Deuer, Marius"]
[Result "1-0"]
[ECO "E00"]
[WhiteElo "2570"]
[BlackElo "2326"]
[Annotator "ChessBase"]
[PlyCount "73"]
[EventDate "2022.11.03"]
[EventType "team-tourn"]
[EventCountry "AUT"]
[SourceTitle "playchess.com"]
[Source "ChessBase"]
[SourceQuality "1"]
[TimeControl "40/5400+30:1800+30"]

1. d4 Nf6 2. c4 e6 3. Bf4 b6 4. a3 Bb7 5. Nc3 d5 6. cxd5 Nxd5 7. Nxd5 exd5 8. e3 Bd6 9. Nh3 O-O 10. Be2 Bxf4 11. Nxf4 Nd7 12. Rc1 Nf6 13. O-O Qe7 14. Bf3 c5 15. dxc5 bxc5 16. Re1 Rfd8 17. Qa4 a6 18. Nd3 Rac8 19. Qa5 c4 20. Nf4 g5 21. Nh5 Nxh5 22. Bxh5 f5 23. h3 Qf6 24. Red1 Rd6 25. Rd4 Rcd8 26. Rcd1 R8d7 27. Be2 Kf8 28. Bxc4 Qe6 29. Ba2 h5 30. Qd2 Kg7 31. h4 gxh4 32. Rxh4 Qg6 33. Qd4+ Kh7 34. Bb1 Rc6 35. g4 Rg7 36. Bxf5 Qxf5 37. Qxg7+ 1-0

[Event "AUT Bundesliga 2022-23"]
[Site "Jenbach"]
[Date "2022.11.03"]
[Round "1.23"]
[White "Neyman, Igor"]
[Black "Acs, Peter"]
[Result "1/2-1/2"]
[ECO "D27"]
[WhiteElo "2354"]
[BlackElo "2572"]
[Annotator "ChessBase"]
[PlyCount "108"]
[EventDate "2022.11.03"]
[EventType "team-tourn"]
[EventCountry "AUT"]
[SourceTitle "playchess.com"]
[Source "ChessBase"]
[SourceQuality "1"]
[TimeControl "40/5400+30:1800+30"]

1. d4 Nf6 2. c4 c6 3. Nf3 d5 4. e3 e6 5. Bd3 dxc4 6. Bxc4 c5 7. O-O a6 8. dxc5 Qxd1 9. Rxd1 Bxc5 10. a3 Be7 11. Be2 Nbd7 12. Nc3 b6 13. b4 Bb7 14. Bb2 Rc8 15. Rac1 O-O 16. Nd4 b5 17. Nb1 Nb6 18. Nd2 Nfd5 19. Rxc8 Rxc8 20. Rc1 Rxc1+ 21. Bxc1 Nc3 22. Bd3 e5 23. Nf5 Bf8 24. Bb2 Nba4 25. Ba1 g6 26. Ng3 f5 27. Kf1 Bg7 28. Bc2 Kf7 29. Bb3+ Ke7 30. f3 Bf6 31. Ne2 Nd5 32. Kf2 Ndb6 33. Nc3 Nxc3 34. Bxc3 Bd5 35. Bc2 Be6 36. e4 Bg5 37. Ke2 Kd6 38. Bd3 Bxd2 39. Bxd2 Bc4 40. Be3 Bxd3+ 41. Kxd3 Nc4 42. Bc1 Ke6 43. a4 Kf6 44. axb5 axb5 45. f4 exf4 46. Bxf4 g5 47. Bc1 f4 48. Kd4 Ke6 49. h4 h6 50. hxg5 hxg5 51. Kc5 Nd6 52. Kd4 Nc4 53. Kc5 Nd6 54. Kd4 Nc4 1/2-1/2

[Event "AUT Bundesliga 2022-23"]
[Site "Jenbach"]
[Date "2022.11.03"]
[Round "1.24"]
[White "Buhmann, Rainer"]
[Black "Kranz, Armin"]
[Result "1-0"]
[ECO "E14"]
[WhiteElo "2561"]
[BlackElo "2135"]
[Annotator "ChessBase"]
[PlyCount "65"]
[EventDate "2022.11.03"]
[EventType "team-tourn"]
[EventCountry "AUT"]
[SourceTitle "playchess.com"]
[Source "ChessBase"]
[SourceQuality "1"]
[TimeControl "40/5400+30:1800+30"]

1. d4 Nf6 2. Nf3 e6 3. c4 b6 4. e3 Bb7 5. Bd3 Bb4+ 6. Nbd2 O-O 7. O-O d5 8. a3 Bd6 9. b4 c5 10. cxd5 exd5 11. bxc5 bxc5 12. dxc5 Bxc5 13. Bb2 Nbd7 14. Nb3 Bd6 15. a4 Re8 16. Nbd4 Nc5 17. Bb5 Re4 18. Nf5 Bf8 19. Ng5 Rb4 20. Bc3 Ne6 21. Nxe6 fxe6 22. Bxb4 Bxb4 23. Nd4 Qd6 24. Rc1 Ba5 25. Bc6 Rb8 26. Bxb7 Rxb7 27. Rc8+ Kf7 28. Rc6 Qd7 29. Qc2 e5 30. Nf3 Bc7 31. Ng5+ Kg8 32. Rc1 Bd6 33. Rxd6 1-0

[Event "AUT Bundesliga 2022-23"]
[Site "Jenbach"]
[Date "2022.11.03"]
[Round "1.25"]
[White "Ragger, Markus"]
[Black "Markus, Robert"]
[Result "1/2-1/2"]
[ECO "C42"]
[WhiteElo "2632"]
[BlackElo "2615"]
[Annotator "ChessBase"]
[PlyCount "36"]
[EventDate "2022.11.03"]
[EventType "team-tourn"]
[EventCountry "AUT"]
[SourceTitle "playchess.com"]
[Source "ChessBase"]
[SourceQuality "1"]
[TimeControl "40/5400+30:1800+30"]

1. e4 e5 2. Nf3 Nf6 3. Nxe5 d6 4. Nf3 Nxe4 5. d4 d5 6. Bd3 Nd6 7. O-O Be7 8. c3 O-O 9. Qc2 g6 10. Bf4 Nd7 11. Nbd2 c6 12. Rfe1 Re8 13. Nf1 Nf8 14. Ng3 Ne6 15. Bd2 Ng7 16. Bf4 Ne6 17. Bd2 Ng7 18. Bf4 Ne6 1/2-1/2

[Event "AUT Bundesliga 2022-23"]
[Site "Jenbach"]
[Date "2022.11.03"]
[Round "1.26"]
[White "Horvath, Dominik"]
[Black "Naumann, Alexander"]
[Result "1-0"]
[ECO "D41"]
[WhiteElo "2505"]
[BlackElo "2513"]
[Annotator "ChessBase"]
[PlyCount "63"]
[EventDate "2022.11.03"]
[EventType "team-tourn"]
[EventCountry "AUT"]
[SourceTitle "playchess.com"]
[Source "ChessBase"]
[SourceQuality "1"]
[TimeControl "40/5400+30:1800+30"]

1. Nf3 d5 2. d4 Nf6 3. c4 e6 4. Nc3 c5 5. cxd5 Nxd5 6. e4 Nxc3 7. bxc3 cxd4 8. cxd4 Bb4+ 9. Bd2 Bxd2+ 10. Qxd2 O-O 11. Bc4 Nd7 12. O-O b6 13. Rad1 Bb7 14. Rfe1 Rc8 15. Bb3 h6 16. h3 Qf6 17. Re3 Rfd8 18. Qe2 Qe7 19. d5 Nc5 20. Nd4 exd5 21. Nf5 Qf6 22. Rg3 Nxe4 23. Rxg7+ Kh8 24. Qh5 Nd6 25. Nxd6 Kxg7 26. Nxb7 Re8 27. Qg4+ Kh8 28. Qd7 Qe6 29. Qxd5 Qxd5 30. Rxd5 Rc1+ 31. Kh2 Re2 32. Rf5 1-0

[Event "AUT Bundesliga 2022-23"]
[Site "Jenbach"]
[Date "2022.11.03"]
[Round "1.27"]
[White "Roseneck, Jonas"]
[Black "Korpa, Bence"]
[Result "0-1"]
[ECO "E73"]
[WhiteElo "2414"]
[BlackElo "2496"]
[Annotator "ChessBase"]
[PlyCount "98"]
[EventDate "2022.11.03"]
[EventType "team-tourn"]
[EventCountry "AUT"]
[SourceTitle "playchess.com"]
[Source "ChessBase"]
[SourceQuality "1"]
[TimeControl "40/5400+30:1800+30"]

1. d4 Nf6 2. c4 g6 3. Nc3 Bg7 4. e4 d6 5. Be2 O-O 6. Bg5 c5 7. d5 b5 8. cxb5 a6 9. a4 Qa5 10. Bd2 axb5 11. Bxb5 Ba6 12. Nge2 Bxb5 13. Nxb5 Qb6 14. Nec3 Na6 15. O-O Nb4 16. Be3 Nd7 17. Qe2 Qb7 18. a5 Rfb8 19. h3 Qa6 20. Rfe1 Rb7 21. Ra4 Rab8 22. Na3 Qxe2 23. Rxe2 Na6 24. Nc4 Rb4 25. Rxb4 Rxb4 26. Na3 Ne5 27. Rd2 f5 28. exf5 gxf5 29. Bg5 Kf7 30. Ne2 Ra4 31. Nc2 Ng6 32. Rd3 Bxb2 33. Rf3 Bf6 34. Rxf5 Ra2 35. Bxf6 exf6 36. Nc3 Rxc2 37. Ne4 Re2 38. Rxf6+ Kg7 39. Rxd6 Rxe4 40. Rxa6 Ra4 41. Ra7+ Kf6 42. d6 Ne5 43. Rxh7 Ke6 44. f4 Rxf4 45. Rh6+ Kd5 46. a6 Rf7 47. h4 c4 48. h5 c3 49. Rh8 c2 0-1

[Event "AUT Bundesliga 2022-23"]
[Site "Jenbach"]
[Date "2022.11.03"]
[Round "1.28"]
[White "Nagy, Gabor"]
[Black "Handler, Lukas"]
[Result "1/2-1/2"]
[ECO "A11"]
[WhiteElo "2488"]
[BlackElo "2442"]
[Annotator "ChessBase"]
[PlyCount "141"]
[EventDate "2022.11.03"]
[EventType "team-tourn"]
[EventCountry "AUT"]
[SourceTitle "playchess.com"]
[Source "ChessBase"]
[SourceQuality "1"]
[TimeControl "40/5400+30:1800+30"]

1. c4 c6 2. Nf3 d5 3. e3 Nf6 4. d4 e6 5. Bd3 dxc4 6. Bxc4 Nbd7 7. O-O Bd6 8. a4 O-O 9. Nc3 e5 10. a5 h6 11. h3 Qe7 12. Nh4 Rd8 13. Nf5 Qf8 14. Qf3 Bb4 15. Qg3 Kh7 16. dxe5 Nh5 17. Qh2 g6 18. Nd4 Qc5 19. Bxf7 Nxe5 20. Be6 Nd3 21. Na2 Bxa5 22. Bxc8 Rdxc8 23. b4 Bxb4 24. Nxb4 Qxb4 25. Ba3 Qc4 26. Qd6 Ng7 27. Rfd1 c5 28. Nf3 Rd8 29. Qe7 b6 30. Bb2 Rg8 31. Bf6 a5 32. Ra3 Rae8 33. Qc7 Qe6 34. Raxd3 Qxf6 35. Rd6 Re6 36. Qxb6 a4 37. Qxc5 Qe7 38. Qb6 a3 39. Rxe6 Qxe6 40. Qa7 Qb3 41. Ra1 Rc8 42. Rxa3 Qd1+ 43. Kh2 Qd6+ 44. g3 Qd5 45. e4 Qxe4 46. Re3 Qa8 47. Qxa8 Rxa8 48. Re7 Re8 49. Ra7 Kg8 50. g4 Re6 51. Kg3 Ne8 52. Nd4 Rd6 53. Ra4 Nf6 54. f4 Ne4+ 55. Kf3 Nc5 56. Ra8+ Kg7 57. Ke3 Ne6 58. Ra7+ Kg8 59. Nf3 Rb6 60. Ra3 Rb4 61. f5 gxf5 62. gxf5 Ng5 63. Ra8+ Kg7 64. Ra7+ Kg8 65. Nd4 Nxh3 66. Ne6 Ng5 67. Nxg5 hxg5 68. f6 Rf4 69. Rg7+ Kf8 70. Rxg5 Rxf6 71. Ke4 1/2-1/2

[Event "AUT Bundesliga 2022-23"]
[Site "Jenbach"]
[Date "2022.11.03"]
[Round "1.29"]
[White "Halvax, Georg"]
[Black "Mesaros, Florian"]
[Result "1-0"]
[ECO "D38"]
[WhiteElo "2432"]
[BlackElo "2404"]
[Annotator "ChessBase"]
[PlyCount "61"]
[EventDate "2022.11.03"]
[EventType "team-tourn"]
[EventCountry "AUT"]
[SourceTitle "playchess.com"]
[Source "ChessBase"]
[SourceQuality "1"]
[TimeControl "40/5400+30:1800+30"]

1. d4 Nf6 2. c4 e6 3. Nf3 d5 4. Nc3 Bb4 5. cxd5 exd5 6. Bf4 c5 7. g3 Nc6 8. Bg2 O-O 9. O-O Bg4 10. dxc5 Bxc3 11. bxc3 Ne4 12. c4 d4 13. h3 Bh5 14. Qb1 Nxc5 15. Qf5 Bxf3 16. Bxf3 Qe7 17. Rfd1 Rad8 18. h4 d3 19. Bg5 f6 20. Be3 Ne5 21. Bd5+ Kh8 22. exd3 g6 23. Bxc5 Qxc5 24. Qf4 Nc6 25. Qc7 Rfe8 26. Qxb7 Re2 27. Rf1 Ne5 28. Rae1 Rxa2 29. d4 Qxd4 30. Qe7 Rxd5 31. Qf8# 1-0

[Event "AUT Bundesliga 2022-23"]
[Site "Jenbach"]
[Date "2022.11.03"]
[Round "1.30"]
[White "Freitag, Manfred"]
[Black "Steiner, Josef"]
[Result "1-0"]
[ECO "B01"]
[WhiteElo "2357"]
[BlackElo "2061"]
[Annotator "ChessBase"]
[PlyCount "71"]
[EventDate "2022.11.03"]
[EventType "team-tourn"]
[EventCountry "AUT"]
[SourceTitle "playchess.com"]
[Source "ChessBase"]
[SourceQuality "1"]
[TimeControl "40/5400+30:1800+30"]

1. e4 d5 2. exd5 Qxd5 3. Nc3 Qa5 4. d4 c6 5. Nf3 Nf6 6. Bc4 Bg4 7. h3 Bh5 8. g4 Bg6 9. Ne5 Nbd7 10. Nxg6 hxg6 11. Bd2 b5 12. Nxb5 Qb6 13. Qf3 Rc8 14. Nc3 Qxd4 15. Bb3 Ne5 16. Qe2 Nexg4 17. O-O-O Qxf2 18. Qa6 Rc7 19. hxg4 Rxh1 20. Rxh1 Qg2 21. Rd1 Qxg4 22. Be3 Qc8 23. Qc4 e6 24. Ba4 Nd7 25. Bg5 Be7 26. Bxe7 Kxe7 27. Qh4+ Nf6 28. Ne4 e5 29. Nxf6 gxf6 30. Rf1 g5 31. Qh6 Qe6 32. Bb3 Qd6 33. Rd1 Qb4 34. Qh7 Kf8 35. Qh8+ Ke7 36. Qd8# 1-0

[Event "AUT Bundesliga 2022-23"]
[Site "Jenbach"]
[Date "2022.11.03"]
[Round "1.31"]
[White "Saric, Ivan"]
[Black "Vachier-Lagrave, Maxime"]
[Result "1/2-1/2"]
[ECO "C42"]
[WhiteElo "2668"]
[BlackElo "2747"]
[Annotator "ChessBase"]
[PlyCount "81"]
[EventDate "2022.11.03"]
[EventType "team-tourn"]
[EventCountry "AUT"]
[SourceTitle "playchess.com"]
[Source "ChessBase"]
[SourceQuality "1"]
[TimeControl "40/5400+30:1800+30"]

1. e4 e5 2. Nf3 Nf6 3. Nxe5 d6 4. Nf3 Nxe4 5. d4 d5 6. Bd3 Bd6 7. O-O O-O 8. c4 c6 9. Qc2 h6 10. Re1 Be6 11. cxd5 cxd5 12. Bxe4 dxe4 13. Qxe4 Nc6 14. Nc3 Nb4 15. a3 Nd5 16. Bd2 Rc8 17. Ne5 Bb8 18. Qf3 Nxc3 19. bxc3 Qd5 20. Qxd5 Bxd5 21. Nd7 Rfd8 22. Nxb8 Rxb8 23. a4 Rd7 24. a5 Rc8 25. f3 f6 26. Re3 Kf7 27. Bc1 Rdc7 28. Bb2 Re8 29. Rxe8 Kxe8 30. Kf2 Rc6 31. h4 h5 32. Ke3 Kf7 33. Kd2 Bc4 34. Ba3 Re6 35. Re1 Rxe1 36. Kxe1 b6 37. axb6 axb6 38. Kf2 Ke6 39. g4 g6 40. Ke3 b5 41. Kf4 1/2-1/2

[Event "AUT Bundesliga 2022-23"]
[Site "Jenbach"]
[Date "2022.11.03"]
[Round "1.32"]
[White "Maghsoodloo, Parham"]
[Black "Brkic, Ante"]
[Result "1/2-1/2"]
[ECO "E10"]
[WhiteElo "2721"]
[BlackElo "2602"]
[Annotator "ChessBase"]
[PlyCount "160"]
[EventDate "2022.11.03"]
[EventType "team-tourn"]
[EventCountry "AUT"]
[SourceTitle "playchess.com"]
[Source "ChessBase"]
[SourceQuality "1"]
[TimeControl "40/5400+30:1800+30"]

1. d4 Nf6 2. c4 e6 3. Nf3 d5 4. g3 Bb4+ 5. Bd2 Be7 6. Bg2 O-O 7. O-O Nbd7 8. b3 b6 9. cxd5 exd5 10. Qc2 Bb7 11. b4 Re8 12. Qb3 Ne4 13. Nc3 Nxc3 14. Bxc3 Bd6 15. e3 Qe7 16. a4 Nf6 17. Rfc1 Ne4 18. Be1 a6 19. b5 a5 20. Bc3 f6 21. Bb2 Qf7 22. Ba3 Bxa3 23. Rxa3 Re7 24. Ra2 g5 25. Rac2 Rae8 26. Ne1 h5 27. Bxe4 dxe4 28. Qxf7+ Kxf7 29. Rxc7 Rxc7 30. Rxc7+ Re7 31. Rc3 Ke6 32. Kf1 Rh7 33. Nc2 h4 34. Na3 hxg3 35. hxg3 Bd5 36. Ke2 g4 37. Rc8 Kd7 38. Rc1 Ke6 39. Nb1 f5 40. Rc8 Kd7 41. Rf8 Ke6 42. Rb8 Rh1 43. Rxb6+ Kd7 44. Nd2 Ra1 45. Rf6 Be6 46. d5 Bxd5 47. Rxf5 Ke6 48. Rg5 Rxa4 49. Rxg4 Rb4 50. Rg6+ Kd7 51. Kd1 Rxb5 52. Kc2 a4 53. Ra6 Rc5+ 54. Kb2 Bc6 55. g4 Ke7 56. Rb6 Kd7 57. Rb4 Re5 58. Ka3 Kc7 59. Rc4 Kb7 60. Rc1 Rg5 61. Nc4 Kc7 62. Rc3 Rc5 63. Kb4 Rg5 64. Rc2 Rb5+ 65. Ka3 Rg5 66. Nb2 Kd7 67. Rc4 Rxg4 68. Nd3 Rg5 69. Nb4 Bb7 70. Kxa4 Rf5 71. Rc2 Kd6 72. Rd2+ Ke6 73. Kb3 Rd5 74. Kb2 Rc5 75. Na2 Rc7 76. Rd8 Rf7 77. Kc3 Kf5 78. Rd2 Kg4 79. Nb4 Kh3 80. Kd4 Kg2 1/2-1/2

[Event "AUT Bundesliga 2022-23"]
[Site "Jenbach"]
[Date "2022.11.03"]
[Round "1.33"]
[White "Livaic, Leon"]
[Black "Alekseenko, Kirill"]
[Result "1-0"]
[ECO "E23"]
[WhiteElo "2574"]
[BlackElo "2691"]
[Annotator "ChessBase"]
[PlyCount "113"]
[EventDate "2022.11.03"]
[EventType "team-tourn"]
[EventCountry "AUT"]
[SourceTitle "playchess.com"]
[Source "ChessBase"]
[SourceQuality "1"]
[TimeControl "40/5400+30:1800+30"]

1. d4 Nf6 2. c4 e6 3. Nc3 Bb4 4. Qb3 c5 5. dxc5 Nc6 6. Nf3 Ne4 7. Bd2 Nxd2 8. Nxd2 Bxc5 9. g3 O-O 10. Bg2 f5 11. O-O b6 12. a3 Bb7 13. e3 Qc8 14. Rac1 Ne5 15. Bxb7 Qxb7 16. Ne2 Rac8 17. Nf4 Be7 18. Nd3 Nf7 19. Qd1 Rc7 20. a4 Rfc8 21. b3 a6 22. Qf3 Rc6 23. Rfd1 R8c7 24. Qg2 e5 25. Nb1 e4 26. Nf4 Bf8 27. Nc3 Ne5 28. h4 Nf3+ 29. Kh1 g5 30. Nfd5 Rc8 31. Qh3 g4 32. Qf1 Rh6 33. Ne2 b5 34. axb5 axb5 35. Nd4 Nxd4 36. Rxd4 Rhc6 37. Qd1 d6 38. Nf4 Qf7 39. Qe2 Bg7 40. Rd2 Be5 41. Nd5 Kg7 42. Kg2 Kh6 43. Rdc2 bxc4 44. bxc4 Rb8 45. Qd1 Rc5 46. Rb1 Rb7 47. Rxb7 Qxb7 48. Rc1 Ra5 49. Rb1 Qc8 50. Rb5 Ra3 51. Ne7 Qe6 52. Rb7 Ra2 53. Qd5 Qxd5 54. Nxf5+ Kh5 55. cxd5 Rd2 56. Re7 Rxd5 57. Re6 1-0

[Event "AUT Bundesliga 2022-23"]
[Site "Jenbach"]
[Date "2022.11.03"]
[Round "1.34"]
[White "Moussard, Jules"]
[Black "Kuljasevic, Davorin"]
[Result "1-0"]
[ECO "C92"]
[WhiteElo "2686"]
[BlackElo "2560"]
[Annotator "ChessBase"]
[PlyCount "80"]
[EventDate "2022.11.03"]
[EventType "team-tourn"]
[EventCountry "AUT"]
[SourceTitle "playchess.com"]
[Source "ChessBase"]
[SourceQuality "1"]
[TimeControl "40/5400+30:1800+30"]

1. e4 e5 2. Nf3 Nc6 3. Bb5 a6 4. Ba4 Nf6 5. O-O Be7 6. Re1 b5 7. Bb3 d6 8. c3 O-O 9. h3 Re8 10. d4 Bb7 11. Nbd2 Bf8 12. a4 h6 13. Bc2 Nb8 14. Bd3 Nbd7 15. Qc2 Rb8 16. b4 exd4 17. cxd4 c5 18. axb5 axb5 19. d5 cxb4 20. Bb2 Ba8 21. Nd4 Qb6 22. Bxb5 Rec8 23. Qb3 Ne5 24. Bf1 Nfd7 25. Qe3 Bb7 26. f4 Ng6 27. Nc4 Qd8 28. Na5 Qb6 29. Nxb7 Ra8 30. Nxd6 Bxd6 31. e5 Bc5 32. Kh1 Ne7 33. Qe4 Qb7 34. Nc6 Rxa1 35. Rxa1 Ra8 36. Rxa8+ Qxa8 37. Bd3 Nf8 38. Qc4 Nxc6 39. Qxc5 Nd8 40. e6 Nb7 1-0

[Event "AUT Bundesliga 2022-23"]
[Site "Jenbach"]
[Date "2022.11.03"]
[Round "1.35"]
[White "Bosiocic, Marin"]
[Black "Naiditsch, Arkadij"]
[Result "1-0"]
[ECO "A06"]
[WhiteElo "2548"]
[BlackElo "2667"]
[Annotator "ChessBase"]
[PlyCount "89"]
[EventDate "2022.11.03"]
[EventType "team-tourn"]
[EventCountry "AUT"]
[SourceTitle "playchess.com"]
[Source "ChessBase"]
[SourceQuality "1"]
[TimeControl "40/5400+30:1800+30"]

1. Nf3 d5 2. g3 g6 3. Bg2 Bg7 4. O-O e5 5. d3 Ne7 6. e4 d4 7. b4 O-O 8. Nbd2 Nd7 9. a4 c5 10. b5 Qc7 11. Bb2 Rd8 12. c3 dxc3 13. Bxc3 Nf8 14. Qb1 f6 15. Rc1 Be6 16. d4 cxd4 17. Bxd4 Qd7 18. Be3 Bf7 19. Nc4 Nc8 20. b6 axb6 21. Bxb6 Re8 22. a5 Bh6 23. Be3 Bxe3 24. Nxe3 Nd6 25. Qb4 Red8 26. Bf1 Kg7 27. Rc2 Qe6 28. Rb1 Rac8 29. Rd2 Rd7 30. h4 Rcd8 31. Kh2 Nc8 32. Rxd7 Qxd7 33. Qxb7 Qxb7 34. Rxb7 Nd6 35. Rb4 Ne6 36. a6 Nc5 37. Nd2 Ne8 38. Nd5 Ra8 39. Rb6 Bxd5 40. exd5 Nc7 41. d6 N7xa6 42. Bxa6 Nxa6 43. Rb7+ Kf8 44. Ne4 f5 45. Rxh7 1-0

[Event "AUT Bundesliga 2022-23"]
[Site "Jenbach"]
[Date "2022.11.03"]
[Round "1.36"]
[White "Bacrot, Etienne"]
[Black "Saric, Ante"]
[Result "1-0"]
[ECO "B41"]
[WhiteElo "2646"]
[BlackElo "2510"]
[Annotator "ChessBase"]
[PlyCount "55"]
[EventDate "2022.11.03"]
[EventType "team-tourn"]
[EventCountry "AUT"]
[SourceTitle "playchess.com"]
[Source "ChessBase"]
[SourceQuality "1"]
[TimeControl "40/5400+30:1800+30"]

1. e4 c5 2. Nf3 e6 3. d4 cxd4 4. Nxd4 a6 5. h3 Qc7 6. Bd3 g6 7. c4 Bg7 8. Ne2 Nc6 9. Nbc3 Nge7 10. O-O Ne5 11. b3 O-O 12. Bg5 d6 13. Rc1 f5 14. exf5 Nxf5 15. Bxf5 gxf5 16. Nf4 Nf7 17. Bh4 d5 18. Nh5 dxc4 19. Nxg7 Kxg7 20. Re1 b5 21. bxc4 Qxc4 22. Re4 fxe4 23. Qg4+ Ng5 24. Qxg5+ Kf7 25. Nxe4 Qd5 26. Rc7+ Bd7 27. Qe7+ Kg6 28. Rxd7 1-0

[Event "AUT Bundesliga 2022-23"]
[Site "Jenbach"]
[Date "2022.11.04"]
[Round "2.1"]
[White "Idani, Pouya"]
[Black "Esipenko, Andrey"]
[Result "1/2-1/2"]
[ECO "C89"]
[WhiteElo "2623"]
[BlackElo "2668"]
[Annotator "ChessBase"]
[PlyCount "251"]
[EventDate "2022.11.03"]
[EventType "team-tourn"]
[EventCountry "AUT"]
[SourceTitle "playchess.com"]
[Source "ChessBase"]
[SourceQuality "1"]
[TimeControl "40/5400+30:1800+30"]

1. e4 e5 2. Nf3 Nc6 3. Bb5 a6 4. Ba4 Nf6 5. O-O Be7 6. Re1 b5 7. Bb3 O-O 8. c3 d5 9. exd5 Nxd5 10. Nxe5 Nxe5 11. Rxe5 c6 12. d3 Bd6 13. Re1 Qh4 14. g3 Qh3 15. Re4 Nf6 16. Rh4 Qf5 17. Nd2 Qg6 18. Ne4 Nxe4 19. Rxe4 Bf5 20. Re3 Bf4 21. Re1 Bc7 22. Qf3 Rae8 23. Be3 Bg4 24. Qg2 Qf5 25. Bd1 Re6 26. Bxg4 Qxg4 27. Bd2 h6 28. Rxe6 Qxe6 29. Qf3 Rd8 30. Re1 Qd7 31. d4 Bd6 32. Kg2 Bf8 33. h4 c5 34. Be3 Qe6 35. Re2 Qc4 36. dxc5 Bxc5 37. Bxc5 Qxc5 38. b3 h5 39. Re4 g6 40. c4 Qd6 41. Rf4 Qc7 42. cxb5 axb5 43. a4 bxa4 44. bxa4 Rd6 45. Rb4 Kg7 46. Rf4 Rd2 47. Qe4 Rd1 48. Rf3 Rd2 49. Qb4 Qd8 50. Qc3+ Kg8 51. Qc4 Rd7 52. Qb5 Rd5 53. Qb7 Rd7 54. Qc6 Rd6 55. Qe4 Rd4 56. Qc6 Rd6 57. Qc4 Rd7 58. Rf4 Qa8+ 59. Kh2 Qd8 60. Re4 Kh7 61. Re1 Qf6 62. Qa2 Rb7 63. Re2 Qf3 64. Rb2 Ra7 65. Rb4 Qc3 66. Rb5 Qc6 67. Rb4 Qc5 68. Qb2 Ra8 69. Rb5 Qc8 70. a5 Qd8 71. Rb7 Qd5 72. Rb5 Qd8 73. Qe5 Qd2 74. Qf6 Qd7 75. Re5 Ra7 76. Rc5 Qb7 77. Qb6 Qe7 78. Re5 Qxe5 79. Qxa7 Qd5 80. a6 g5 81. Qb7 Qf5 82. hxg5 Qxf2+ 83. Qg2 Qa7 84. Qc2+ Kg7 85. Qc3+ Kg8 86. Qc8+ Kg7 87. Qc3+ Kg8 88. Qf6 Qe3 89. g6 Qd2+ 90. Kh3 Qd7+ 91. Kh2 Qd2+ 92. Kh3 Qd7+ 93. Kg2 Qd5+ 94. Qf3 Qa2+ 95. Qf2 Qd5+ 96. Kh2 fxg6 97. a7 h4 98. gxh4 Kh7 99. Qe3 Qd6+ 100. Kg1 Qd1+ 101. Kf2 Qc2+ 102. Kf3 Qc6+ 103. Kg3 Qc7+ 104. Kg2 Qc2+ 105. Kf3 Qc6+ 106. Kg4 Qc8+ 107. Kg3 Qc7+ 108. Kh3 Qc8+ 109. Kg2 Qc2+ 110. Qf2 Qc6+ 111. Kf1 Qc1+ 112. Ke2 Qc2+ 113. Kf3 Qc6+ 114. Kf4 Qf6+ 115. Kg3 Qd6+ 116. Kg2 Qc6+ 117. Qf3 Qc2+ 118. Kf1 Qc1+ 119. Kg2 Qc2+ 120. Qf2 Qc6+ 121. Kg3 Qc7+ 122. Kf3 Qc6+ 123. Kf4 Qf6+ 124. Ke3 Qb6+ 125. Ke2 Qb5+ 126. Kf3 1/2-1/2

[Event "AUT Bundesliga 2022-23"]
[Site "Jenbach"]
[Date "2022.11.04"]
[Round "2.2"]
[White "Maghsoodloo, Parham"]
[Black "Janzelj, Tim"]
[Result "1-0"]
[ECO "B12"]
[WhiteElo "2721"]
[BlackElo "2456"]
[Annotator "ChessBase"]
[PlyCount "85"]
[EventDate "2022.11.03"]
[EventType "team-tourn"]
[EventCountry "AUT"]
[SourceTitle "playchess.com"]
[Source "ChessBase"]
[SourceQuality "1"]
[TimeControl "40/5400+30:1800+30"]

1. e4 c6 2. d4 d5 3. f3 dxe4 4. fxe4 e5 5. Nf3 Bg4 6. c3 Nd7 7. Bd3 Bd6 8. O-O Ngf6 9. Be3 O-O 10. Nbd2 b5 11. a4 a6 12. Qc2 Qc7 13. Kh1 Rab8 14. b4 Kh8 15. Rab1 Bh5 16. Bg1 Bg6 17. Nh4 Nh5 18. Nxg6+ fxg6 19. Nf3 Nf4 20. c4 exd4 21. axb5 axb5 22. c5 Be5 23. Qd2 Rbd8 24. Bc2 d3 25. Bxd3 Nxd3 26. Qxd3 Nxc5 27. Qc2 Ne6 28. Nxe5 Qxe5 29. Rxf8+ Rxf8 30. Qxc6 Ng5 31. Rf1 Re8 32. Bd4 Qe7 33. Qxb5 Nxe4 34. Qc6 Rd8 35. Bb6 Rg8 36. b5 Qh4 37. Kg1 Nd2 38. Rd1 Nc4 39. Bf2 Qh5 40. Re1 Ne5 41. Qd5 Ng4 42. Qxh5 gxh5 43. Ba7 1-0